 Dungeon Crawl Stone Soup version 0.27.0-1-g7a089689b8 (webtiles) character file.

Game seed: 115339277112861844

338 Ozzies the Skirmisher (level 6, -1/58 HPs)
             Began as a Palentonga Monk on Aug 1, 2021.
             Killed from afar by Blork the orc (3 damage)
             ... with a puff of flame
             ... on level 4 of the Dungeon.
             The game lasted 00:07:22 (4808 turns).

Ozzies the Skirmisher (Palentonga Monk)             Turns: 4808, Time: 00:07:23

Health: -1/58      AC: 10    Str: 16    XL:     6   Next: 29%
Magic:  6/6        EV:  8    Int: 10    God:
Gold:   119        SH:  0    Dex: 13    Spells: 5/5 levels left

rFire    . . .     SeeInvis +     - Unarmed
rCold    . . .     Faith    .   (no shield)
rNeg     . . .     Spirit   .   a - +0 robe
rPois    .         Reflect  .   (no helmet)
rElec    .         Harm     .   (no cloak)
rCorr    .         Rampage  .   (no gloves)
Will     .....                  c - +2 barding {Fly}
Stlth    ++........             (no amulet)
HPRegen  0.19/turn              (no ring)
MPRegen  0.10/turn              (no ring)

@: flying
A: large, rugged brown scales 3, see invisible, deformed body, roll 1, armoured
tail
a: Rolling Charge


You were on level 4 of the Dungeon.
You visited 1 branch of the dungeon, and saw 4 of its levels.

You collected 119 gold pieces.

Inventory:

Missiles
 j - 5 poisoned darts (quivered)
Armour
 a - a +0 robe (worn)
 c - a +2 barding of flying (worn)
Jewellery
 b - a ring of willpower
Potions
 d - a potion of mutation
 g - a potion of haste {@q4 !q}
 h - a potion of berserk rage {unknown}


   Skills:
 + Level 7.0 Fighting
 + Level 0.2 Armour
 + Level 2.5 Dodging
 - Level 1.2 Stealth
 * Level 3.1 Unarmed Combat


You had 5 spell levels left.
You didn't know any spells.
Your spell library contained the following spells:

 Spells                   Type           Power      Damage    Failure   Level
 Magic Dart               Conj           0%         1d3       36%         1
 Call Imp                 Summ           0%         N/A       50%         2
 Mephitic Cloud           Conj/Pois/Air  0%         N/A       75%         3
 Summon Guardian Golem    Hex/Summ       0%         N/A       75%         3
 Orb of Destruction       Conj           0%         N/A       100%        7
 Spellforged Servitor     Conj/Summ      0%         N/A       100%        7


Dungeon Overview and Level Annotations

Branches:
Dungeon (4/15)
 Temple: D:4-7

Altars:
Ashenzari
Uskayaw
Vehumet

Annotations:
D:4 Blork the orc, Grinder


Innate Abilities, Weirdness & Mutations

You are completely covered in rugged brown scales. (AC +3, +7% HP)
You have supernaturally acute eyesight. (SInv)
Armour fits poorly on your strangely shaped body.
You can roll at nearby foes to attack.
You have a long armoured tail.


Message History

You hit the scorpion but do no damage.
The scorpion is heavily wounded.
You feel sick. The scorpion stings you. The ball python barely misses you.
You hit the scorpion but do no damage. You tail-slap the scorpion!
You kill the scorpion!
You feel sick.
The ball python bites you but does no damage.
Training target 7.0 for Fighting reached!
Your Fighting skill increases to level 7!
You need to enable at least one skill for training.
You are too injured to fight recklessly!
You closely miss the ball python.
Your tail-slap misses the ball python.
You feel sick. The ball python barely misses you.
You closely miss the ball python.
You feel sick.
The ball python bites you but does no damage.
You hit the ball python.
The ball python is severely wounded.
You feel sick. The ball python closely misses you.
You hit the ball python.
You kill the ball python!
You feel sick.
You feel sick.
You start resting.
You feel sick.
You are no longer poisoned.
You start resting.
HP restored.
(D) Dungeon
Where to? (Enter - D:4, ? - help)
There is a stone staircase leading down here.
You fly downwards.
Level annotation: Grinder
There is a stone staircase leading up here.
You see here a jackal skeleton.
There's nothing you can charge at! There's nothing you can charge at!
There's nothing you can charge at! There's nothing you can charge at!
There's nothing you can charge at! There's nothing you can charge at!
There's nothing you can charge at!
Roll where?
Press: ? - help, Dir - move target, f - Grinder
Aim: Grinder, carrying a wand of flame (14)
You roll forward with a clatter of scales!
You hit Grinder but do no damage. Grinder gestures at you.
Pain shoots through your body!
Found 18 stones.
You barely miss Grinder.
Your tail-slap misses Grinder.
Grinder zaps a wand.
The puff of flame hits you.
You hit Grinder but do no damage. You barely miss Grinder.
Grinder hits you but does no damage.
You barely miss Grinder. Grinder hits you.
You writhe in agony.
You closely miss Grinder. Grinder gestures at you.
Pain shoots through your body!
You hit Grinder.
Your tail-slap misses Grinder.
Grinder is lightly wounded.
Grinder hits you but does no damage.
You closely miss Grinder.
Grinder is lightly wounded.
Grinder hits you.
You closely miss Grinder.
Grinder is lightly wounded.
Grinder hits you.
You writhe in agony.
You hit Grinder.
Grinder is moderately wounded.
Grinder barely misses you.
You hit Grinder.
Grinder is moderately wounded.
Blork the orc comes into view.
He is wielding a +0 trident.
Grinder hits you but does no damage. Grinder gestures at you.
You suddenly lose the ability to move!
Blork the orc shouts!
Blork the orc screams, "I'll rip your head off!"
Blork the orc looks encouraged for a moment.
Grinder gestures at you. Pain shoots through your body!
* * * LOW HITPOINT WARNING * * *
Blork the orc frowns.
Grinder hits you but does no damage.
Blork the orc hits you but does no damage.
Grinder says, "DUCK!"
Grinder gestures at you.
You barely resist.
Blork the orc hits you from afar with a +0 trident.
* * * LOW HITPOINT WARNING * * *
Grinder zaps a wand.
The puff of flame hits you!
* * * LOW HITPOINT WARNING * * *
Blork the orc hits you but does no damage.
Grinder zaps a wand.
The puff of flame hits you but does no damage.
You can move again.
Blork the orc barely misses you.
Grinder zaps a wand.
The puff of flame hits you.
* * * LOW HITPOINT WARNING * * *
Blork the orc gestures at you while chanting.
The puff of flame hits you.
You die...

.. #....... ....
##......)
....###...#... .
...#........ .. ..
#.....#..## ... ...
##.........#....
....#...#o..........
.....?..#5..@รท......
....................
...................$
.(..................
......!...##...##...
..........##...# ..
......(...####... .
##......... ...#
##.#....... ..##


You could see Grinder and Blork the orc.

Vanquished Creatures
  Sigmund (D:3)
  A scorpion (D:3)
  3 adders
  2 dart slugs (D:1)
  An orc (D:3)
  8 endoplasms
  2 giant cockroaches (D:1)
  3 goblins
  6 hobgoblins
  11 jackals
  7 kobolds
  4 quokkas
  8 ball pythons
  5 bats
  6 frilled lizards
  10 rats
78 creatures vanquished.

Notes
Turn   | Place    | Note
-------+----------+-------------------------------------------
     0 | D:1      | Ozzies the Palentonga Monk began the quest for the Orb.
     0 | D:1      | Reached XP level 1. HP: 19/19 MP: 1/1
   252 | D:1      | Reached XP level 2. HP: 18/25 MP: 2/2
   700 | D:1      | Reached skill level 4 in Fighting
  1056 | D:1      | Reached XP level 3. HP: 32/32 MP: 3/3
  1422 | D:2      | Identified a scroll of acquirement
  1422 | D:2      | Acquired a +2 barding of flying
  1912 | D:2      | Found a broken altar of Ashenzari.
  2702 | D:3      | Reached XP level 4. HP: 34/40 MP: 4/4
  2798 | D:3      | Reached skill level 5 in Fighting
  2821 | D:3      | Found a radiant altar of Vehumet.
  2867 | D:3      | Found a faded altar of an unknown god.
  3502 | D:3      | Found a hide-covered altar of Uskayaw.
  3503 | D:3      | Noticed Sigmund
  3760 | D:3      | Killed Sigmund
  3761 | D:3      | Reached skill level 6 in Fighting
  3761 | D:3      | Reached XP level 5. HP: 18/50 MP: 5/5
  3761 | D:3      | Reached XP level 6. HP: 21/56 MP: 6/6
  4524 | D:4      | Noticed Grinder
  4543 | D:3      | Reached skill level 7 in Fighting
  4797 | D:4      | Noticed Blork the orc
  4798 | D:4      | Paralysed by Grinder for 7 turns
  4807 | D:4      | HP: 2/58 [Grinder/puff of flame (3)]
  4808 | D:4      | Killed from afar by Blork the orc

Illustrated notes

Levels and vault maps discovered:
D:1:      dpeg_arrival_pond, layout_basic, serial_park_tiny_pond
D:2:      layout_basic, basic_altar
D:3:      layout_basic, nicolae_overflow_hidden_temple,
          mainiacjoe_overflow_concentric_impassable,
          ebering_ecumenical_altar_webs, minmay_cupped, uniq_sigmund
D:4:      layout_cave_pools, nicolae_ru_path_of_blood,
          kennysheep_generic_room_13, uniq_grinder, uniq_menkaure,
          uniq_blork_the_orc

Skill      XL: |  1  2  3  4  5  6 |
---------------+-------------------+-----
Fighting       | 4 6 7 |  7.0
Armour         | |  0.2
Dodging        | |  2.5
Stealth        | |  1.2
Unarmed Combat | |  3.1

Action                   |  1- 3 |  4- 6 || total
-------------------------+-------+-------++-------
Melee: Unarmed           |   181 |   141 ||   322
       Tailslap          |    21 |    15 ||    36
       Punch             |       |     2 ||     2
 Abil: Rolling Charge    |     4 |     5 ||     9
  Use: Scroll            |     3 |     2 ||     5
 Stab: Sleeping          |     7 |     4 ||    11
Armor: Robe              |    91 |    83 ||   174
Dodge: Dodged            |    98 |    53 ||   151
